 Dungeon Crawl Stone Soup version 0.28-a0-1184-g53156a8862 (webtiles) character file.

Game seed: 1436668252211531296

21 ytrimaz the Covered (level 2, -2/25 HPs)
             Began as a Demigod Fighter on Dec 17, 2021.
             Slain by an adder (3 damage)
             ... on level 2 of the Dungeon.
             The game lasted 00:00:59 (1014 turns).

ytrimaz the Covered (Demigod Fighter)               Turns: 1014, Time: 00:01:00

Health: -2/25      AC:  6    Str: 17    XL:     2   Next: 45%
Magic:  4/4        EV:  9    Int: 10    God:
Gold:   3          SH:  4    Dex: 13    Spells: 1/1 levels left

rFire   . . .      SeeInvis .   a - +1 flail
rCold   . . .      Faith    .   c - +0 buckler
rNeg    . . .      Spirit   .   b - +0 scale mail
rPois   .          Reflect  .   (no helmet)
rElec   .          Harm     .   (no cloak)
rCorr   .          Rampage  .   (no gloves)
Will    .....                   (no boots)
Stlth   ..........              (no amulet)
HPRegen 0.08/turn               (no ring)
MPRegen 0.09/turn               (no ring)

@: mighty, flying
A: high mp 1, forlorn, divine attributes
a: no special abilities


You were on level 2 of the Dungeon.
You visited 1 branch of the dungeon, and saw 2 of its levels.

You collected 3 gold pieces.

Inventory:

Hand Weapons
 a - a +1 flail (weapon)
Armour
 b - a +0 scale mail (worn)
 c - a +0 buckler (worn)


   Skills:
 + Level 2.9 Fighting
 * Level 2.2 Maces & Flails
 + Level 3.0 Armour
 + Level 2.9 Shields


You had one spell level left.
You didn't know any spells.
Your spell library was empty.

Dungeon Overview and Level Annotations

Branches:
Dungeon (2/15)


Innate Abilities, Weirdness & Mutations

You have an increased reservoir of magic. (+10% MP)
You shall have no god before yourself.
Your divine heritage dramatically boosts your attributes as you level up.


Message History

The jackal barely misses you.
You aren't carrying any scrolls.
Okay, then.
You feel very mighty all of a sudden.
The jackal bites you but does no damage. x2
You barely miss the jackal. The jackal barely misses you.
You barely miss the jackal. The jackal completely misses you.
The endoplasm freezes you.
You are frozen.
The jackal bites you.
You sock the endoplasm!
You kill the endoplasm!
The jackal closely misses you. The jackal barely misses you.
You closely miss the jackal. You block the jackal's attack. x2
It was a potion of flight.
You feel very buoyant.
You fly up into the air.
The jackal bites you.
Unknown command.
You closely miss the jackal. The jackal bites you.
* * * LOW HITPOINT WARNING * * *
The jackal bites you but does no damage.
You hit the jackal.
You kill the jackal!
The adder bites you but does no damage.
You are too injured to fight recklessly!
You are too injured to fight recklessly!
You miss the adder. The adder bites you.
* * * LOW HITPOINT WARNING * * *
You are too injured to fight recklessly!
You barely miss the adder. The adder bites you but does no damage.
The adder barely misses you.
Unknown command.
You closely miss the adder. The adder bites you but does no damage.
The adder bites you.
* * * LOW HITPOINT WARNING * * *
You barely miss the adder. The adder closely misses you.
Unknown command.
You sock the adder!
The adder is almost dead.
The adder bites you.
You die...

## #....#... ...
#..#...# .... ....
#.#...# ....
....###.†.#.# .....
.......#..#.###.....
.......<............
......J.............
....###g##.......#.
... #.####@###...
...?.##.####S#####.
.......h...bgg......
...........#........
........##..........
.....######........#
>.... #.........
.... #......... ...#
..........


You could see an adder, 2 goblins and a bat.

Vanquished Creatures
  A dart slug (D:1)
  4 ball pythons (D:1)
  2 endoplasms
  A giant cockroach (D:1)
  A goblin (D:1)
  A hobgoblin (D:2)
  A jackal (D:2)
  2 kobolds (D:1)
  A quokka (D:1)
  2 rats (D:1)
16 creatures vanquished.

Vanquished Creatures (others)
  4 toadstools (D:1)
4 creatures vanquished.

Grand Total: 20 creatures vanquished

Notes
Turn   | Place    | Note
-------+----------+-------------------------------------------
     0 | D:1      | ytrimaz the Demigod Fighter began the quest for the Orb.
     0 | D:1      | Reached XP level 1. HP: 18/18 MP: 3/3
   433 | D:1      | Reached XP level 2. HP: 20/25 MP: 4/4
   829 | D:1      | Reached skill level 3 in Armour
  1012 | D:2      | HP: 1/25 [adder (2)]
  1014 | D:2      | Slain by an adder

Illustrated notes

Levels and vault maps discovered:
D:1:      ldierk_water_garden, layout_loops_ring,
          hellmonk_ecumenical_altar_pennies_from_heaven, minmay_distorted
D:2:      layout_rooms, minmay_3d_cube, uniq_terence

Skill      XL: |  1  2 |
---------------+-------+-----
Maces & Flails | 2 |  2.2
Armour         | 3 |  3.0
Fighting       | |  2.9
Shields        | |  2.9

Action                   || total
-------------------------++-------
Melee: Flail             ||    70
  Use: Scroll            ||     4
       Potion            ||     2
Armor: Scale mail        ||    43
Dodge: Dodged            ||    38
Block: Buckler           ||    22

Table legend: (Time is in decaauts)
 A = Elapsed time spent in this place.
 B = Non-inter-level travel time spent in this place.
 C = Inter-level travel time spent in this place.
 D = Time resting spent in this place.
 E = Time spent auto-exploring this place.
 F = Levels seen in this place.
 G = Mean time per level.
                   A        B        C        D        E       F      G
               +--------+--------+--------+--------+--------+-----+--------+
         Total |   1044 |   1021 |     23 |      0 |    832 |   2 |  522.0 |
       Dungeon |   1044 |   1021 |     23 |      0 |    832 |   2 |  522.0 |
               +--------+--------+--------+--------+--------+-----+--------+

Top non-repeatable levels by time:
     D:1: 995 daAuts
     D:2: 48 daAuts
